 Dungeon Crawl Stone Soup version 0.28-b1-78-gc65acfa365 (webtiles) character file.

Game seed: 5945103355215347520

32 MacCMillion the Caller (level 3, 14/14 HPs)
             Began as a Felid Summoner on Feb 4, 2022.
             Quit the game on level 2 of the Dungeon.
             The game lasted 00:03:01 (1183 turns).

MacCMillion the Caller (Felid Summoner)             Turns: 1183, Time: 00:03:01

Health: 14/14      AC:  1    Str:  6    XL:     3   Next: 10%
Magic:  1/7        EV: 17    Int: 16    God:
Gold:   24         SH:  0    Dex: 16    Spells: 6/7 levels left
                                        Lives:  0   Deaths: 0

rFire   . . .      SeeInvis +   (weapon unavailable)
rCold   . . .      Faith    .   (shield unavailable)
rNeg    . . .      Spirit   .   (armour unavailable)
rPois   .          Reflect  .   (helmet unavailable)
rElec   .          Harm     .   (cloak unavailable)
rCorr   .          Rampage  .   (gloves unavailable)
Will    .....                   (boots unavailable)
Stlth   ++........              (no amulet)
HPRegen 0.04/turn               (no ring)
MPRegen 0.10/turn               (no ring)

@: quick
A: very small, claws 1, fangs 3, see invisible, speed 1, shaggy fur 1, stealthy
paws, no weapons or thrown items, no armour, multi-lived
a: no special abilities


You were on level 2 of the Dungeon.
You visited 1 branch of the dungeon, and saw 2 of its levels.

You collected 24 gold pieces.

Inventory:

Scrolls
 a - a scroll of immolation {unknown}
 c - a scroll of vulnerability {unknown}
 e - a scroll of fear {unknown}
Potions
 b - a potion of degeneration {unknown}
 d - a potion of curing {unknown}


   Skills:
 - Level 3.0 Dodging
 - Level 3.0 Stealth
 + Level 2.6 Spellcasting
 + Level 4.4 Summonings


You had 6 spell levels left.
You knew the following spells:

 Your Spells              Type           Power      Damage    Failure   Level
a - Summon Small Mammal   Summ           64%        N/A       3%          1

Your spell library contained the following spells:

 Spells                   Type           Power      Damage    Failure   Level
 Call Imp                 Summ           16%        N/A       4%          2
 Call Canine Familiar     Summ           16%        N/A       10%         3
 Beastly Appendage        Tmut           4%         N/A       21%         1
 Summon Guardian Golem    Hex/Summ       9%         N/A       24%         3
 Wereblood                Tmut           2%         N/A       30%         2
 Spider Form              Tmut/Pois      2%         N/A       52%         3
 Summon Lightning Spire   Summ/Air       9%         N/A       61%         4


Dungeon Overview and Level Annotations

Branches:
Dungeon (2/15)

Altars:


Innate Abilities, Weirdness & Mutations

You have sharp claws.
You have razor-sharp teeth.
You have supernaturally acute eyesight. (SInv)
You cover ground quickly. (Speed+)
You are covered in fur. (AC +1)
Your paws help you pounce on unaware monsters.
You are incapable of wielding weapons or throwing items.
You cannot wear armour.
You gain extra lives every three experience levels.


Message History

Your rat's corpse disappears in a puff of smoke!
Your bat closely misses the adder.
Your bat hits the adder. Your bat hits the adder.
Your bat hits the adder but does no damage.
Your bat closely misses the adder.
The adder bites your bat.
Your bat closely misses the adder.
Your bat hits the adder but does no damage.
The adder bites your bat.
Your bat dies!
Your bat's corpse disappears in a puff of smoke!
Your bat misses the adder.
Your bat hits the adder but does no damage.
The adder bites your bat.
Your bat closely misses the adder.
Your bat closely misses the adder.
The adder closely misses your bat. What are your orders? t - Meow!
Orders for allies: a - Attack new target. r - Retreat! s - Stop attacking. g - Guard the area. f - Follow me.
Anything else - Cancel.
Gang up on whom?
Press: ? - help, Dir - move target, f - adder
Aim: an adder (moderately wounded) Attack!
Your bat completely misses the adder.
The adder bites your bat.
Your bat dies!
Your bat's corpse disappears in a puff of smoke!
Your quokka barely misses the adder.
The adder closely misses your quokka.
Your quokka bites the adder.
Your quokka misses the adder. The adder barely misses your quokka.
Your quokka barely misses the adder.
Your quokka bites the adder.
The adder bites your quokka.
Your quokka bites the adder.
The adder dies!
You have reached level 3!
Your experience leads to an increase in your attributes!
Increase (S)trength, (I)ntelligence, or (D)exterity?
You feel stronger. x2
Are you sure you want to abandon this character and quit the game? (Confirm with "yes".)

[.... #......
...:..##### #......
......).w.#######....#
......###SS.br###.#.##
..... #####...#.#†##
.... ######....... ###
##.r...†.....#
######r.###...##>##
.######.@..r.###..####.#
........###### #.## #.#
........# #. ..#
........# .. .##
.......<# #.# #
....)...# #. ........#
#. ......(.# ###...###


You could see 2 friendly quokkas.

Vanquished Creatures (collateral kills)
  An adder (D:2)
  A dart slug (D:1)
  2 bats
  An endoplasm (D:1)
  4 goblins
  3 kobolds
  2 quokkas (D:1)
  3 ball pythons (D:1)
  A frilled lizard (D:1)
  3 rats
21 creatures vanquished.

Notes
Turn   | Place    | Note
-------+----------+-------------------------------------------
     0 | D:1      | MacCMillion the Felid Summoner began the quest for the Orb.
     0 | D:1      | Reached XP level 1. HP: 7/7 MP: 4/4
   335 | D:1      | Reached XP level 2. HP: 11/11 MP: 3/6
  1183 | D:2      | Reached XP level 3. HP: 14/14 MP: 1/7
  1183 | D:2      | Quit the game

Illustrated notes

Levels and vault maps discovered:
D:1:      ncdulo_wetmaze, layout_rooms
D:2:      layout_rooms, minmay_cupped, uniq_jessica

Skill      XL: |  1 |
---------------+----+-----
Stealth        | 3 |  3.0
Dodging        | 3 |  3.0
Spellcasting   | |  2.6
Summonings     | |  4.4

Action                   || total
-------------------------++-------
Melee: Unarmed           ||     1
 Cast: Summon Small Mamm ||    48
Armor: Skin              ||     1
Dodge: Dodged            ||     7
